 Dungeon Crawl Stone Soup version 0.30-a0-377-g5cb311bc9f (webtiles) character file.

Game seed: 5144720923625742999

217 Decritt the Magician (level 6, -2/47 HPs)
             Began as a Djinni Air Elementalist on Nov 28, 2022.
             Slain by Pikel
             ... wielding a +0 whip of electrocution
              (12 damage)
             ... on level 4 of the Dungeon.
             The game lasted 00:05:22 (3071 turns).

Decritt the Magician (Djinni Air Elementalist)      Turns: 3071, Time: 00:05:23

Health: -2/47      AC:  5    Str:  7    XL:     6   Next: 16%
Gold:   142        EV: 12    Int: 18    God:
                   SH:  0    Dex: 17

rFire   + + .      SeeInvis .    j - staff of cold
rCold   . . .      Faith    .    (no shield)
rNeg    . . .      Spirit   .    a - +1 robe
rPois   ∞          Reflect  .    (no helmet)
rElec   .          Harm     .    (no cloak)
rCorr   +          Rampage  .    l - +1 pair of gloves {Dex+3}
Will    .....                    (boots unavailable)
Stlth   ++........               (no amulet)
HPRegen 0.27/turn                f - ring of resist corrosion
MPRegen 0.00/turn                (no ring)

@: flying
A: sickness immunity, fire resistance 2, cold vulnerability 1, float, innate
caster, HP casting, extra vitality 1
a: no special abilities


You were on level 4 of the Dungeon.
You visited 1 branch of the dungeon, and saw 4 of its levels.

You collected 142 gold pieces.

Inventory:

Armour
 a - a +1 robe (worn)
 l - a +1 pair of gloves of dexterity (worn)
Magical Staves
 j - a staff of cold (weapon)
Jewellery
 f - a ring of resist corrosion (left hand)
Scrolls
 e - a scroll of enchant armour
 g - a scroll of torment {unknown}
 m - 2 scrolls of teleportation
 p - a scroll of amnesia {unknown}
 q - a scroll of fog {unknown}
 r - a scroll of poison {unknown}
Potions
 b - 2 potions of haste {unknown}
 c - 3 potions of curing
 d - a potion of might {unknown}
 h - 2 potions of invisibility
 i - 2 potions of heal wounds {unknown}
 k - a potion of mutation {unknown}
 n - a potion of flight {unknown}
 o - a potion of magic {unknown}


   Skills:
 * Level 3.7 Fighting
 - Level 2.1 Dodging
 - Level 1.5 Stealth
 * Level 3.9 Spellcasting


You couldn't memorise any spells.
You knew the following spells:

 Your Spells              Type           Power      Damage    Failure   Level
a - Shock                 Conj/Air       68%        1d7       3%          1
b - Airstrike             Air            8%         2d(2-18)  30%         4
c - Foxfire               Conj/Fire      68%        2x1d7     3%          1
d - Static Discharge      Conj/Air       34%        2-4/arc   4%          2
e - Swiftness             Air            17%        N/A       9%          3
f - Poisonous Vapours     Pois/Air       34%        N/A       4%          2
Your spell library was empty.

Dungeon Overview and Level Annotations

Branches:
Dungeon (4/15)
 Temple: D:4-7

Altars:

Annotations:
D:4 Pikel


Innate Abilities, Weirdness & Mutations

You are immune to sickness and miasma.
You are immune to poison.
Your flesh is very heat resistant. (rF++)
You are vulnerable to cold. (rC-)
You float through the air rather than walking.
You learn spells naturally, not from books.
Your magical power is your life essence.
You have superior vitality. (+4 MHP)


Message History

Casting: Shock (safe; 3% risk of failure)
Confirm with . or Enter, or press ? or * to list all spells.
Aiming: Shock (safe; 3% risk of failure)
Press: ? - help, Shift-Dir - straight line, f/p - Pikel
Aim: Pikel, wielding a +0 whip of electrocution and wearing a +0 robe (severely wounded, 64% to hit)
The zap hits Pikel.
Pikel is severely wounded.
Pikel hits you with a +0 whip of electrocution.
* * * LOW HITPOINT WARNING * * *
Casting: Shock (safe; 3% risk of failure)
Confirm with . or Enter, or press ? or * to list all spells.
Aiming: Shock (safe; 3% risk of failure)
Press: ? - help, Shift-Dir - straight line, f/p - Pikel
Aim: Pikel, wielding a +0 whip of electrocution and wearing a +0 robe (severely wounded, 64% to hit)
The zap hits Pikel.
Pikel is almost dead.
* * * LOW HITPOINT WARNING * * *
Pikel closely misses you.
Casting: Shock (safe; 3% risk of failure)
Confirm with . or Enter, or press ? or * to list all spells.
Aiming: Shock (safe; 3% risk of failure)
Press: ? - help, Shift-Dir - straight line, f/p - Pikel
Aim: Pikel, wielding a +0 whip of electrocution and wearing a +0 robe (almost dead, 64% to hit)
The zap hits Pikel but does no damage.
Pikel is almost dead.
* * * LOW HITPOINT WARNING * * *
Pikel hits you with a +0 whip of electrocution.
* * * LOW HITPOINT WARNING * * *
Casting: Shock (safe; 3% risk of failure)
Confirm with . or Enter, or press ? or * to list all spells.
Aiming: Shock (safe; 3% risk of failure)
Press: ? - help, Shift-Dir - straight line, f/p - Pikel
Aim: Pikel, wielding a +0 whip of electrocution and wearing a +0 robe (severely wounded, 64% to hit)
The zap hits Pikel.
Pikel is almost dead.
* * * LOW HITPOINT WARNING * * *
Pikel hits you with a +0 whip of electrocution.
* * * LOW HITPOINT WARNING * * *
You are electrocuted!
You die...

####......# .......?..# #. #....#
#. #....# #. #....# #. ### #....#
##. #####.###### #55..# #..
#..........# #K#### #..
#..........# #@# #..
#..........#####.##############.#
#......................(...5.....
#......)...#####.##############.#
#....................# #.#
###########..........# ##.#
#..........#########...
#.........)....)...)>..
#..........#########<..


You could see Pikel and 2 lemures.

Vanquished Creatures
  2 lemures
  A scorpion (D:4)
  Jessica (D:3)
  2 adders
  7 gnolls
  2 worms (D:2)
  A dart slug (D:3)
  4 endoplasms
  A giant cockroach (D:2)
  2 goblins
  6 hobgoblins
  A quokka (D:3)
  2 ball pythons
  4 bats
  7 frilled lizards
  5 kobolds
  4 rats
52 creatures vanquished.

Notes
Turn   | Place    | Note
-------+----------+-------------------------------------------
     0 | D:1      | Decritt the Djinni Air Elementalist began the quest for the
                  | Orb.
     0 | D:1      | Decritt set off with the following spells memorised: Shock,
                  | Static Discharge, Swiftness, Airstrike.
     0 | D:1      | Reached XP level 1. HP: 15/15 MP: 0/0
   551 | D:1      | Reached XP level 2. HP: 20/22 MP: 0/0
   565 | D:1      | Reached skill level 1 in Fighting
  1122 | D:2      | Reached XP level 3. HP: 17/27 MP: 0/0
  1122 | D:2      | Learned a level 1 spell: Foxfire
  1458 | D:2      | Reached XP level 4. HP: 19/33 MP: 0/0
  1593 | D:2      | Found a faded altar of an unknown god.
  2152 | D:3      | Noticed Jessica
  2154 | D:3      | Killed Jessica
  2155 | D:3      | Reached XP level 5. HP: 38/40 MP: 0/0
  2155 | D:3      | Learned a level 2 spell: Poisonous Vapours
  2724 | D:4      | Reached XP level 6. HP: 31/47 MP: 0/0
  3053 | D:4      | Noticed Pikel
  3071 | D:4      | Slain by Pikel

Illustrated notes

Levels and vault maps discovered:
D:1:      co_arrival_square_in_a_square_in_a_square, layout_basic
D:2:      layout_basic, hellmonk_ecumenical_altar_heavens_door,
          minmay_lizard_pond
D:3:      layout_basic, uniq_jessica
D:4:      layout_rooms, chequers_serial_rivers_micro_c, wad_rectangle_vault,
          uniq_pikel

Skill      XL: |  1  2  3  4  5 |
---------------+----------------+-----
Fighting       | 1 2 3 |  3.7
Spellcasting   | 3 |  3.9
Dodging        | |  2.1
Stealth        | |  1.5

Action                   |  1- 3 |  4- 6 || total
-------------------------+-------+-------++-------
Melee: Unarmed           |       |     1 ||     1
 Cast: Shock             |    52 |   113 ||   165
  Use: Scroll            |     5 |     1 ||     6
Armor: Robe              |     1 |     8 ||     9
Dodge: Dodged            |     3 |    22 ||    25

Table legend: (Time is in decaauts)
 A = Elapsed time spent in this place.
 B = Non-inter-level travel time spent in this place.
 C = Inter-level travel time spent in this place.
 D = Time resting spent in this place.
 E = Time spent auto-exploring this place.
 F = Levels seen in this place.
 G = Mean time per level.
                   A        B        C        D        E       F      G
               +--------+--------+--------+--------+--------+-----+--------+
         Total |   3071 |   2984 |     87 |    542 |   2091 |   4 |  767.8 |
       Dungeon |   3071 |   2984 |     87 |    542 |   2091 |   4 |  767.8 |
               +--------+--------+--------+--------+--------+-----+--------+

Top non-repeatable levels by time:
     D:1: 1264 daAuts
     D:3: 792 daAuts
     D:2: 718 daAuts
     D:4: 295 daAuts
